Map: [ESL] Solaris

Players

Maru

  • Race: Terran Terran
  • Spawn Location: 7:00

ByuN - Winner!

  • Race: Terran Terran
  • Spawn Location: 1:00

Event: IEM Katowice 2024

VOD

https://youtu.be/lMGgrXnTazU?t=2753

Description

Time

  • Played on: Feb. 11, 2024, 8:28 a.m.
  • Length: 13:00

All games in this series

Show
View Real Time Build Order
Export as new Build Order

Maru Terran 

Build Orders: Reaper Expand 

Get SALT Encoding   

  12  0:00  SCV  
  13  0:12  SCV  
  14  0:17  Supply Depot  
  14  0:24  SCV  
  15  0:38  SCV  
  15  0:40  Barracks  
  16  0:43  Refinery  
  16  0:50  SCV  
  17  1:03  SCV  
  18  1:15  SCV  
  19  1:27  Orbital Command, Reaper  
  20  1:40  Command Center  
  20  1:50  Supply Depot  
  20  1:53  SCV  
  21  1:59  Marine  
  22  2:05  SCV  
  23  2:08  Factory  
  23  2:17  SCV, Refinery  
  23  2:19  Marine  
  25  2:29  SCV  
  26  2:37  Barracks Reactor  
  26  2:41  SCV  
  27  2:51  Orbital Command  
  27  2:53  Hellion, SCV, Refinery  
  27  2:54  Starport  
  31  3:05  SCV  
  31  3:13  Supply Depot  
  31  3:17  SCV x2  
  33  3:20  Cyclone  
  33  3:22  Cyclone  
  37  3:29  SCV x2  
  37  3:32  Medivac  
  41  3:41  SCV  
  41  3:42  Barracks Tech Lab  
  41  3:45  SCV  
  43  3:52  Cyclone  
  43  3:53  SCV  
  43  3:54  Cyclone  
  46  3:57  SCV  
  47  4:06  SCV  
  47  4:08  Supply Depot  
  47  4:09  SCV  
  49  4:10  Raven, Barracks Tech Lab  
  49  4:18  SCV  
  49  4:21  SCV  
  48  4:30  Stimpack, SCV, Marine  
  50  4:33  SCV  
  50  4:35  Interference Matrix  
  51  4:42  SCV  
  51  4:45  SCV  
  53  4:47  Command Center  
  53  4:48  Raven  
  53  4:52  Marine  
  56  4:54  SCV  
  56  4:57  SCV  
  58  5:00  Factory Tech Lab, Supply Depot  
  58  5:06  SCV  
  58  5:09  Marine, SCV  
  60  5:16  Barracks  
  60  5:18  SCV  
  60  5:20  Barracks  
  61  5:21  Siege Tank, SCV  
  61  5:26  Raven  
  67  5:30  SCV, Engineering Bay  
  67  5:31  Engineering Bay  
  67  5:35  Supply Depot, Marine, Refinery  
  69  5:37  SCV  
  70  5:48  Supply Depot  
  70  5:56  Barracks, SCV x2, Marine  
  73  5:57  Barracks  
  73  5:59  Orbital Command  
  73  6:06  Terran Infantry Weapons Level 1, Terran Infantry Armor Level 1  
  73  6:08  Barracks Reactor  
  73  6:09  SCV  
  74  6:16  Marine x3  
  74  6:17  Combat Shield, Starport Reactor  
  77  6:22  Siege Tank  
  77  6:24  SCV x2  
  82  6:31  Missile Turret  
  82  6:34  Marine  
  82  6:35  Missile Turret  
  82  6:36  SCV  
  82  6:38  Supply Depot  
  84  6:42  SCV  
  84  6:44  Barracks Reactor  
  84  6:45  Barracks Reactor, Marine x4  
  89  6:48  SCV  
  93  6:54  Siege Tank  
  93  6:57  Marine  
  93  6:58  Medivac  
  93  7:01  Medivac  
  98  7:02  Orbital Command  
  98  7:03  Marine x2  
  98  7:04  SCV  
  98  7:05  SCV  
  101  7:12  Supply Depot  
  101  7:13  Marine x2, Supply Depot  
  103  7:17  SCV x2  
  103  7:20  Armory, Marine x2  
  103  7:22  Marine x2  
  109  7:31  Supply Depot x2  
  109  7:34  Marine x3  
  109  7:36  SCV x2  
  114  7:37  Medivac  
  114  7:38  Medivac  
  114  7:39  Marine x3  
  114  7:43  Marine  
  118  7:45  SCV  
  118  7:48  SCV x2  
  113  7:56  Marine x2  
  113  7:57  SCV  
  113  7:59  Siege Tank  
  113  8:00  SCV x2  
  113  8:01  Marine x2  
  113  8:04  Marine x2  
  122  8:10  SCV  
  115  8:18  SCV x2  
  115  8:19  Marine x2  
  112  8:22  SCV  
  113  8:29  Marine  
  113  8:30  SCV x2  
  113  8:31  Siege Tank  
  113  8:34  SCV  
  120  8:37  Marine x4  
  120  8:38  Marine  
  120  8:39  Marine  
  126  8:54  Marine x3  
  126  8:55  Marine x2  
  116  8:56  Marine  
  116  8:57  Marine x3  
  99  9:03  Siege Tank  
  99  9:04  Terran Infantry Weapons Level 2, Terran Infantry Armor Level 2  
  99  9:07  SCV x2  
  96  9:12  Marine x3  
  99  9:20  Marine x5  
  99  9:21  Marine  
  105  9:26  SCV x2  
  105  9:27  Factory  
  105  9:29  Marine  
  105  9:30  Marine  
  109  9:32  Terran Vehicle Weapons Level 1  
  109  9:33  SCV  
  110  9:38  SCV x2  
  110  9:39  Marine  
  110  9:40  Siege Tank  
  110  9:45  SCV  
  117  9:50  SCV  
  117  9:51  SCV  
  119  9:54  Command Center, Marine x2  
  119  9:57  SCV  
  119  9:58  Marine x2  
  124  10:00  Marine  
  124  10:03  SCV x2  
  124  10:04  Marine  
  124  10:05  Marine  
  124  10:06  Marine  
  124  10:09  SCV  
  124  10:12  Marine  
  126  10:15  SCV  
  126  10:19  SCV  
  123  10:21  SCV  
  123  10:27  Siege Tank, SCV  
  128  10:30  Siege Tank  
  128  10:32  SCV  
  128  10:33  SCV, Supply Depot  
  133  10:36  Viking  
  133  10:37  Viking, Sensor Tower  
  133  10:39  SCV  
  138  10:45  SCV x2  
  138  10:47  Marine  
  141  10:51  Supply Depot  
  141  10:54  Marine, Refinery  
  141  10:55  Refinery  
  142  10:59  Siege Tank  
  145  11:07  Missile Turret, Supply Depot  
  145  11:09  Missile Turret  
  145  11:10  Viking  
  147  11:15  Siege Tank  
  150  11:20  Liberator  
  150  11:21  SCV x3  
  154  11:28  Missile Turret  
  154  11:32  Sensor Tower  
  154  11:33  Siege Tank, Marine, SCV  
  154  11:34  Marine  
  160  11:42  SCV  
  160  11:43  SCV  
  158  11:51  Marine x2  
  158  11:52  Marine  
  146  11:57  Command Center  
  146  11:59  Siege Tank  
  148  12:05  Sensor Tower  
  148  12:11  Viking x2  
  148  12:12  Sensor Tower  
  152  12:21  Marine  
  153  12:23  Starport x2  
  153  12:30  Marine x2  
  153  12:31  Marine x2  
  153  12:32  SCV  
  153  12:35  Marine x3  
  153  12:36  SCV  
  153  12:37  SCV  
  145  12:46  SCV  
Show
View Real Time Build Order
Export as new Build Order

ByuN Terran - Winner!

Build Orders: Cyclone Opening, Gas First Reaper Expand 

Get SALT Encoding   

  12  0:00  SCV  
  13  0:12  SCV  
  14  0:17  Supply Depot  
  14  0:24  SCV  
  14  0:27  Refinery  
  15  0:38  SCV  
  16  0:44  Barracks  
  16  0:51  SCV  
  17  1:03  SCV  
  18  1:15  SCV  
  19  1:30  Reaper  
  19  1:31  Orbital Command  
  20  1:41  Command Center  
  20  1:52  Factory  
  20  1:56  SCV  
  21  2:05  Supply Depot  
  21  2:06  Marine  
  23  2:08  SCV  
  23  2:14  Refinery  
  23  2:27  SCV, Marine  
  27  2:37  Hellion  
  27  2:38  Starport  
  27  2:39  SCV  
  28  2:45  Barracks Reactor  
  28  2:51  SCV  
  28  2:55  Orbital Command  
  29  2:59  Cyclone  
  29  3:03  SCV  
  32  3:15  Orbital Command, SCV, Medivac  
  35  3:22  Supply Depot  
  35  3:28  Barracks Tech Lab, SCV  
  36  3:37  Refinery  
  36  3:40  SCV x2  
  36  3:41  Cyclone x2  
  42  3:52  SCV  
  42  3:53  SCV  
  43  3:59  Raven  
  43  4:02  Supply Depot  
  43  4:04  SCV  
  43  4:06  SCV  
  45  4:13  Cyclone  
  45  4:16  SCV  
  48  4:19  SCV  
  49  4:28  Cyclone, SCV  
  49  4:31  SCV  
  51  4:33  Raven  
  51  4:38  Command Center  
  53  4:40  SCV  
  53  4:41  Supply Depot  
  53  4:43  SCV  
  57  4:50  Barracks Tech Lab  
  57  4:53  SCV  
  57  4:55  SCV  
  59  5:05  SCV  
  57  5:07  SCV  
  57  5:09  Stimpack, Marine  
  59  5:15  Barracks, Siege Tank, Starport Reactor  
  59  5:17  SCV  
  59  5:18  Barracks  
  59  5:19  Bunker, SCV  
  64  5:28  Marine  
  64  5:29  SCV  
  64  5:31  SCV  
  64  5:34  Supply Depot, Engineering Bay x2  
  67  5:41  SCV  
  68  5:43  SCV  
  68  5:46  Marine  
  70  5:55  Siege Tank, Supply Depot, SCV x2  
  75  5:57  Orbital Command  
  75  6:01  Refinery  
  75  6:03  Starport Reactor, Marine x2  
  78  6:05  Marine  
  78  6:07  SCV x2  
  78  6:08  Terran Infantry Weapons Level 1, Terran Infantry Armor Level 1  
  80  6:13  Barracks  
  80  6:15  Barracks  
  80  6:19  SCV  
  80  6:20  Marine x2, SCV  
  80  6:21  Marine  
  80  6:22  Marine  
  86  6:28  Siege Tank  
  89  6:33  Marine  
  89  6:34  Orbital Command  
  89  6:37  SCV x2  
  89  6:38  Marine x3  
  95  6:40  Marine  
  95  6:42  Supply Depot  
  95  6:44  Medivac x2  
  100  6:49  SCV  
  101  6:54  SCV  
  101  7:01  Combat Shield, Marine, SCV  
  100  7:03  Marine x4  
  100  7:04  Barracks Reactor x2  
  100  7:06  SCV  
  106  7:09  SCV  
  107  7:17  Armory, Supply Depot  
  107  7:18  Siege Tank, SCV x2  
  107  7:19  Marine  
  113  7:23  SCV  
  113  7:24  Sensor Tower  
  114  7:30  SCV, Marine x2  
  114  7:34  Supply Depot  
  117  7:38  Marine x2  
  117  7:39  Marine, SCV x2  
  117  7:40  Supply Depot  
  117  7:42  Marine  
  123  7:44  Marine  
  123  7:45  Marine  
  125  7:56  Siege Tank, Marine x5  
  125  7:58  Marine  
  133  8:00  Marine  
  133  8:02  Marine x2  
  133  8:05  SCV x3  
  127  8:13  Marine x3  
  127  8:14  Marine x2  
  127  8:16  Marine  
  127  8:17  SCV x2  
  127  8:18  Marine, SCV  
  133  8:20  Marine  
  133  8:23  Terran Infantry Armor Level 2  
  133  8:29  SCV x2  
  133  8:31  Marine x2  
  133  8:32  Marine x2  
  133  8:33  SCV  
  139  8:38  Marine x2  
  139  8:39  Marine  
  139  8:41  SCV  
  139  8:46  Barracks Reactor  
  139  8:48  Siege Tank  
  139  8:49  Marine x2  
  139  8:50  Marine x2  
  139  8:53  SCV x2  
  139  8:54  SCV  
  113  8:56  Marine x2  
  113  8:57  Marine  
  101  9:05  Terran Infantry Weapons Level 2  
  101  9:07  Marine x4  
  103  9:14  Marine x2  
  103  9:15  Marine  
  102  9:19  Viking  
  104  9:25  Marine x4  
  104  9:26  Command Center  
  109  9:31  Marine  
  109  9:32  Marine x2  
  109  9:33  Siege Tank, Marine  
  115  9:39  Factory, SCV  
  115  9:40  SCV x2  
  115  9:43  Barracks Reactor, Marine x4  
  122  9:47  Sensor Tower  
  122  9:49  Marine  
  122  9:50  Marine  
  122  9:51  Marine x2  
  126  9:53  Sensor Tower  
  126  10:00  Marine x3  
  126  10:03  Marine  
  126  10:06  Siege Tank  
  130  10:07  Marine  
  130  10:08  Marine x2  
  130  10:09  Marine  
  134  10:18  Marine x3  
  134  10:20  Marine x3  
  138  10:25  Marine  
  138  10:26  Marine x3  
  138  10:27  SCV x2  
  141  10:28  Barracks  
  141  10:29  Barracks x2  
  141  10:31  Missile Turret, SCV  
  141  10:32  Supply Depot  
  141  10:33  Supply Depot x2  
  141  10:34  Terran Vehicle Weapons Level 1, Medivac x2  
  140  10:36  Marine x3  
  140  10:38  Siege Tank, Marine x2  
  140  10:40  Refinery x2  
  148  10:45  Planetary Fortress  
  148  10:47  SCV  
  148  10:48  SCV x2  
  151  10:55  Marine  
  151  10:56  Marine x5  
  151  10:57  Marine  
  158  11:04  Medivac x2  
  162  11:16  Marine  
  162  11:17  Marine x4  
  162  11:18  Barracks Reactor x2  
  167  11:19  Barracks Reactor  
  167  11:25  Command Center  
  167  11:30  Marine x2  
  169  11:34  Marine x4  
  169  11:39  Supply Depot  
  173  11:41  Supply Depot  
  167  11:47  Siege Tank  
  167  11:52  Marine x6  
  167  11:53  Marine x4  
  174  11:58  Siege Tank  
  174  11:59  Marine x3  
  180  12:10  Medivac, Marine x2  
  180  12:11  Medivac  
  180  12:13  Marine  
  180  12:14  Marine x4  
  190  12:26  Marine x2  
  190  12:27  Marine x2  
  183  12:38  Marine x5  
  183  12:39  Marine x5  

Tags
 
Add a new tag
Caveats
  • Supply blocks, unpowered buildings, or Contaminate may cause inaccurate times.
  • Supply counts are checked every 10 seconds.